 Dungeon Sprint DCSS version 0.19-a0-1206-g6bcb79c (webtiles) character file.

14128 mopl the Unseen (level 11, -23/59 HPs)
             Began as a Spriggan Assassin on Aug 21, 2016.
             Was the Champion of Trog.
             Killed from afar by a golden dragon (59 damage)
             ... with a bolt of fire
             ... in the Dungeon (Sprint I: "Red Sonja").
             The game lasted 00:13:00 (2421 turns).

mopl the Unseen (Spriggan Assassin)                 Turns: 2421, Time: 00:13:01

Health: -23/59     AC:  6    Str:  8    XL:     11   Next: 84%
Magic:  12/12      EV: 17    Int:  7    God:    Trog [******]
Gold:   234        SH:  0    Dex: 27    Spells: 0 memorised, 10 levels left

rFire  . . .     SeeInvis +     b - +4 blowgun
rCold  . . .     Gourm    .     o - +0 robe "Lunarotew" {Dex+7 Stlth+} (curse)
rNeg   + . .     Faith    +     (shield restricted)
rPois  .         Spirit   .     (helmet restricted)
rElec  .         Dismiss  .     d - +0 cloak
rCorr  .         Reflect  .     (gloves unavailable)
MR     +....     Harm     .     (boots unavailable)
Stlth  ++++++++++ NoTele   +    y - amulet of faith {!P}
                                (no ring)
                                s - ring of Xitzaots {rN+ AC+3 Int-4 SInv Stlth+}

@: very quick
A: unfitting armour, see invisible, dopey 1, herbivore 3, speed 3, frail 1, slow
metabolism 2
a: Berserk, Trog's Hand, Brothers in Arms, Burn Spellbooks, Renounce Religion


You were in the Dungeon.
You worshipped Trog.
Trog was exalted by your worship.
You were not hungry.

You visited 1 branch You collected 2098 gold pieces.
You spent 1864 gold pieces at shops.

Inventory:

Hand Weapons
 a - a +1 rapier of electrocution
 b - a +4 blowgun (weapon)
 g - the +8 rapier of Ruination {antimagic, Int+3}
   (Trog gifted it to you in the Dungeon)

   It reduces the magical energy of the wielder, and disrupts the spells and
   magical abilities of those hit.
   Natural abilities and divine invocations are not affected.
   It affects your intelligence (+3).
 A - a +2 dagger
 B - a +5 quick blade
 D - a +7 antimagic rapier
Missiles
 c - 12 curare-tipped needles (quivered)
 e - 6 poisoned needles
 p - 8 tomahawks of returning
Armour
 d - a +0 cloak (worn)
 o - the cursed +0 robe "Lunarotew" (worn) {Dex+7 Stlth+}
   (You bought it in a shop in the Dungeon)

   It affects your dexterity (+7).
   It makes you more stealthy.
   It has a curse placed upon it.
 z - a +0 buckler
Jewellery
 s - the ring of Xitzaots (left hand) {rN+ AC+3 Int-4 SInv Stlth+}
   (You bought it in a shop in the Dungeon)

   [ring of protection]

   It affects your AC (+3).
   It affects your intelligence (-4).
   It protects you from negative energy.
   It lets you see invisible.
   It makes you more stealthy.
 y - an amulet of faith (around neck) {!P}
Wands
 f - a wand of slowing (26/48)
 n - a wand of slowing (23/48)
Scrolls
 m - a scroll of blinking
 t - a scroll of identify
 u - a scroll of enchant armour {unknown}
 w - 2 scrolls of remove curse
 x - a scroll of fog
Potions
 h - 4 potions of curing
 j - a potion of haste
 k - 2 potions of magic
 l - a potion of berserk rage {!q}
 r - a potion of brilliance
 v - a potion of agility
Miscellaneous
 q - a lamp of fire


   Skills:
 + Level 11.9 Fighting
 - Level 10.1 Short Blades
 * Level 18.6 Throwing
 - Level 1.5 Dodging
 + Level 20.3 Stealth
 + Level 5.8 Shields


You had 10 spell levels left.
You didn't know any spells.

Dungeon Overview and Level Annotations

Branches:
Dungeon (1/1)

Altars:
Cheibriados
Dithmenos
Elyvilon
Fedhas
Gozag
Hepliaklqana
Kikubaaqudgha
Makhleb
Nemelex Xobeh
Okawaru
Qazlal
Ru
Sif Muna
Trog
Uskayaw
Vehumet
Xom
Yredelemnul
Zin
The Shining One
Jiyva
Lugonu

Shops:
D =!([**=:[*:[}*(=([*[=

Annotations:
D exclusion: oklob plant


Innate Abilities, Weirdness & Mutations

You are tiny and cannot use many weapons and most armour.
You have supernaturally acute eyesight. (SInv)
You are a herbivore.
You cover ground extremely quickly.
You need consume almost no food.
You are dopey. (Int -2)
You are frail. (-10% HP)


Message History

The golden dragon is severely wounded.
Throwing (i - inventory):
p - 8 tomahawks of returning (quivered)
Press: ? - help, Shift-Dir - straight line, f - golden dragon
Aim: a golden dragon (severely wounded, confused)
You throw a tomahawk of returning.
The tomahawk of returning hits the golden dragon but does no damage.
The golden dragon is severely wounded.
The tomahawk of returning returns to your pack!
The golden dragon seems less confused.
Unknown command.
Throwing (i - inventory):
p - 8 tomahawks of returning (quivered)
Press: ? - help, Shift-Dir - straight line, f/p - golden dragon
Aim: a golden dragon (purple smoke, severely wounded)
Okay, then.
Your +1 rapier of electrocution stops crackling.
b - a +4 blowgun (weapon)
The golden dragon breathes fire at you. The bolt of fire hits you!
Ouch! That really hurt!
You die...

.§§##..'§§#$§$$##
..#######§#§$§§§# #+#
#..#§§§§§# #.#
#..##§§§§#
#..###$#..≈###+##
##.#A#$#..≈.}#)####+#
.###$#..≈(##'#....##
##..$#..≈##.^..§§..##
+###..≈#.^^^@§§.§.#
#P≈..##..^^§§§§..#
#M≈..#.....(D§§§§.#
###..#.....§§.§§§.#
'..##..........##
##'##$$$$$$$$$$#
≈≈##$$$$$$$$## ≈≈
##/)($()## ########


You could see a golden dragon.

Vanquished Creatures
  A shadow dragon (D)
  A deep elf annihilator (D)
  2 centaur warriors (D)
  Sonja (D)
  2 unseen horrors (D)
  A lindwurm (D)
  A deep troll (D)
  8 shining eyes (D)
  An oklob plant (D)
  2 kobold demonologists (D)
  3 demonic crawlers (D)
  A slime creature (D)
  Sigmund (D)
  2 redbacks (D)
  A yak (D)
  9 hogs (D)
  7 giant eyeballs (D)
  A wasp (D)
  A necrophage (D)
  An ogre (D)
  4 jellies (D)
  Ijyb (D)
  3 ballistomycetes (D)
  A giant spore (D)
56 creatures vanquished.

Vanquished Creatures (collateral kills)
  A demonic crawler (D)
  6 necrophages (D)
  4 jellies (D)
11 creatures vanquished.

Vanquished Creatures (others)
  the Lernaean hydra (D)
  A hydra (D)
  2 sirens (D)
  A gargoyle (D)
  4 hogs (D)
  4 wasps (D)
  A giant spore (D)
14 creatures vanquished.

Grand Total: 81 creatures vanquished

Notes
Turn   | Place    | Note
-------+----------+-------------------------------------------
     0 | D        | mopl the Spriggan Assassin began the quest for the Orb.
     0 | D        | Reached XP level 1. HP: 10/10 MP: 2/2
     1 | D        | Noticed Ijyb
    15 | D        | Killed Ijyb
    15 | D        | Reached skill level 2 in Fighting
    15 | D        | Reached skill level 3 in Short Blades
    15 | D        | Reached skill level 4 in Throwing
    15 | D        | Reached skill level 7 in Stealth
    15 | D        | Reached XP level 2. HP: 16/16 MP: 3/3
    47 | D        | Noticed an ogre
    67 | D        | Killed an ogre
    67 | D        | Reached skill level 3 in Fighting
    67 | D        | Reached skill level 4 in Short Blades
    67 | D        | Reached skill level 6 in Throwing
    67 | D        | Reached skill level 8 in Stealth
    67 | D        | Reached XP level 3. HP: 21/21 MP: 4/4
    67 | D        | Reached XP level 4. HP: 25/25 MP: 5/5
    88 | D        | Noticed Sigmund
    91 | D        | Killed Sigmund
    91 | D        | Reached skill level 4 in Fighting
    91 | D        | Reached skill level 6 in Short Blades
    91 | D        | Reached skill level 8 in Throwing
    91 | D        | Reached skill level 10 in Stealth
    91 | D        | Reached XP level 5. HP: 30/30 MP: 6/6
   104 | D        | Found a deep blue altar of Sif Muna.
   106 | D        | Found a radiant altar of Vehumet.
   111 | D        | Reached skill level 5 in Fighting
   111 | D        | Reached XP level 6. HP: 35/35 MP: 7/7
   135 | D        | Found Qomisug's Antique Armour Emporium.
   135 | D        | Found an ancient bone altar of Kikubaaqudgha.
   135 | D        | Found a hazy altar of Hepliaklqana.
   135 | D        | Found a stormy altar of Qazlal.
   135 | D        | Found a hide-covered altar of Uskayaw.
   135 | D        | Found a blossoming altar of Fedhas.
   135 | D        | Found a bloodstained altar of Trog.
   135 | D        | Found an iron altar of Okawaru.
   135 | D        | Found a basalt altar of Yredelemnul.
   135 | D        | Found a glowing golden altar of the Shining One.
   135 | D        | Found a snail-covered altar of Cheibriados.
   135 | D        | Found a sacrificial altar of Ru.
   135 | D        | Found a glowing silver altar of Zin.
   135 | D        | Found a shadowy altar of Dithmenos.
   135 | D        | Found a white marble altar of Elyvilon.
   135 | D        | Noticed a yak
   155 | D        | Killed a yak
   155 | D        | Reached skill level 7 in Short Blades
   155 | D        | Reached skill level 9 in Throwing
   155 | D        | Reached skill level 11 in Stealth
   179 | D        | Found an opulent altar of Gozag.
   180 | D        | Found a sparkling altar of Nemelex Xobeh.
   185 | D        | Became a worshipper of Trog the Wrathful
   187 | D        | Bought a distressingly furry robe for 165 gold pieces
   197 | D        | Identified the cursed +0 robe "Lunarotew" {Dex+7 Stlth+} (You bought it in a shop in the Dungeon)
   205 | D        | Noticed Sonja
   218 | D        | Killed Sonja
   218 | D        | Reached skill level 6 in Fighting
   218 | D        | Reached skill level 8 in Short Blades
   218 | D        | Reached skill level 11 in Throwing
   218 | D        | Reached skill level 12 in Stealth
   218 | D        | Reached XP level 7. HP: 7/41 MP: 8/8
   406 | D        | Found Yvvocz Faef's Jewellery Boutique.
   414 | D        | Bought a cursed amulet of inaccuracy for 20 gold pieces
   427 | D        | Noticed a deep troll
   431 | D        | Killed a deep troll
   431 | D        | Reached * piety under Trog
   431 | D        | Reached skill level 7 in Fighting
   431 | D        | Reached skill level 9 in Short Blades
   431 | D        | Reached skill level 12 in Throwing
   431 | D        | Reached skill level 13 in Stealth
   431 | D        | Reached XP level 8. HP: 46/46 MP: 9/9
   441 | D        | Found Kubishai's Armour Emporium.
   464 | D        | Found a viscous altar of Jiyva.
   464 | D        | Found a corrupted altar of Lugonu.
   464 | D        | Noticed a slime creature
   465 | D        | Found a burning altar of Makhleb.
   465 | D        | Found a shimmering altar of Xom.
   467 | D        | Killed a slime creature
   467 | D        | Reached skill level 14 in Stealth
   480 | D        | Noticed a kobold demonologist
   481 | D        | Noticed a kobold demonologist
   483 | D        | Killed a kobold demonologist
   483 | D        | Reached ** piety under Trog
   483 | D        | Reached skill level 10 in Short Blades
   484 | D        | Reached skill level 8 in Fighting
   484 | D        | Reached XP level 9. HP: 51/51 MP: 10/10
   486 | D        | Killed a kobold demonologist
   486 | D        | Reached skill level 13 in Throwing
   523 | D        | Noticed a centaur warrior
   523 | D        | Noticed a centaur warrior
   526 | D        | Killed a centaur warrior
   526 | D        | Reached *** piety under Trog
   526 | D        | Reached skill level 15 in Stealth
   527 | D        | Killed a centaur warrior
   527 | D        | Reached skill level 9 in Fighting
   527 | D        | Reached skill level 14 in Throwing
   527 | D        | Reached skill level 16 in Stealth
   544 | D        | Noticed an oklob plant
   546 | D        | Killed an oklob plant
   546 | D        | Received a gift from Trog
   546 | D        | Reached XP level 10. HP: 58/58 MP: 11/11
   555 | D        | Reached skill level 15 in Throwing
   558 | D        | Reached **** piety under Trog
   581 | D        | Noticed an unseen horror
   581 | D        | Noticed an unseen horror
   587 | D        | Killed an unseen horror
   587 | D        | Reached skill level 17 in Stealth
   589 | D        | Killed an unseen horror
   589 | D        | Reached skill level 10 in Fighting
   606 | D        | Reached ***** piety under Trog
   609 | D        | Received a gift from Trog
   631 | D        | Reached skill level 16 in Throwing
   647 | D        | Received a gift from Trog
   666 | D        | Received a gift from Trog
   695 | D        | Found Yhukaak's Book Shoppe.
   695 | D        | Found Foitsyly's Jewellery Shop.
   695 | D        | Found Kicuw's Armour Boutique.
   697 | D        | Found Tunoclot's Assorted Antiques.
   697 | D        | Found Lyuzijoll's Book Shop.
   697 | D        | Found Etway's Antique Armour Shoppe.
   697 | D        | Found Diphirua's Gadget Boutique.
   697 | D        | Found Ybues's General Store.
   697 | D        | Found Zaitex Ylos's Antique Weapon Shop.
   697 | D        | Found Catashypn's Jewellery Shoppe.
   700 | D        | Found Raitegg's Antique Weapon Boutique.
   701 | D        | Bought a scroll labeled WAIGAR AMEMURPH for 22 gold pieces
   701 | D        | Bought a scroll labeled QUTOYG HETONK for 22 gold pieces
   701 | D        | Bought a scroll labeled NEJETI FYPH for 22 gold pieces
   701 | D        | Bought a silvery potion for 19 gold pieces
   701 | D        | Bought a scroll labeled ACZIKI ZEDUVI for 22 gold pieces
   701 | D        | Found Naolor's General Store.
   701 | D        | Found Feuttael's Antique Armour Boutique.
   702 | D        | Found Annoemup's Jewellery Emporium.
   705 | D        | Bought a scroll of identify for 26 gold pieces
   705 | D        | Bought a scroll of remove curse for 39 gold pieces
   705 | D        | Bought a scroll of identify for 26 gold pieces
   705 | D        | Bought a scroll of fog for 26 gold pieces
   711 | D        | Bought a scroll of amnesia for 42 gold pieces
   715 | D        | Bought the ring of Xitzaots {rN+ AC+3 Int-4 SInv Stlth+} for 400 gold pieces
   716 | D        | Bought an uncursed amulet of faith for 520 gold pieces
   718 | D        | Bought a buckler for 108 gold pieces
   831 | D        | Noticed a shining eye
   831 | D        | Noticed a shining eye
   831 | D        | Noticed a shining eye
   843 | D        | Paralysed by a giant eyeball for 4 turns
   844 | D        | Received a gift from Trog
   844 | D        | Reached skill level 18 in Stealth
   890 | D        | Killed a shining eye
   890 | D        | Reached skill level 1 in Shields
   918 | D        | Killed a shining eye
   925 | D        | Gained mutation: You are frail. (-10% HP) [a shining eye]
   957 | D        | Noticed a shining eye
   957 | D        | Noticed a shining eye
   957 | D        | Noticed a shining eye
   957 | D        | Gained mutation: You are dopey. (Int -2) [a shining eye]
   966 | D        | Gained mutation: You are clumsy. (Dex -2) [a shining eye]
   967 | D        | Killed a shining eye
   967 | D        | Reached skill level 2 in Shields
   977 | D        | Gained mutation: You are very frail. (-20% HP) [a shining eye]
   979 | D        | Killed a shining eye
   988 | D        | Noticed a shining eye
   988 | D        | Noticed a shining eye
   990 | D        | Received a gift from Trog
   992 | D        | Killed a shining eye
   992 | D        | Reached skill level 3 in Shields
   992 | D        | Reached XP level 11. HP: 51/51 MP: 12/12
   993 | D        | Killed a shining eye
   993 | D        | Reached skill level 17 in Throwing
   999 | D        | Killed a shining eye
   999 | D        | Reached skill level 11 in Fighting
   999 | D        | Reached skill level 19 in Stealth
  1002 | D        | Gained mutation: You regenerate slowly when monsters are visible. [a shining eye]
  1003 | D        | Received a gift from Trog
  1011 | D        | Killed a shining eye
  1011 | D        | Reached ****** piety under Trog
  1037 | D        | Found Wypnul's General Store.
  1037 | D        | Found Xigoene's Distillery.
  1037 | D        | Found Yczas's General Store.
  1037 | D        | Found Ymnaerob's Antique Weapon Emporium.
  1042 | D        | Bought a potion of cure mutation for 350 gold pieces
  1042 | D        | Bought a potion of mutation for 35 gold pieces
  1107 | D        | Reached skill level 4 in Shields
  1357 | D        | Noticed a lindwurm
  1366 | D        | Killed a lindwurm
  1428 | D        | Killed a 12-headed hydra
  1544 | D        | Received a gift from Trog
  1545 | D        | Got a translucent rapier {god gift}
  1551 | D        | Identified the +8 rapier of Ruination {antimagic, Int+3} (Trog gifted it to you in the Dungeon)
  1577 | D        | Reached skill level 18 in Throwing
  1595 | D        | Received a gift from Trog
  1765 | D        | Reached skill level 5 in Shields
  1788 | D        | Noticed a deep elf annihilator
  1802 | D        | Lost mutation: You are clumsy. (Dex -2) [potion of cure mutation]
  1802 | D        | Lost mutation: You regenerate slowly when monsters are visible. [potion of cure mutation]
  1802 | D        | Lost mutation: You are very frail. (-20% HP) [potion of cure mutation]
  1972 | D        | Noticed a daeva
  2059 | D        | Killed a deep elf annihilator
  2059 | D        | Reached skill level 20 in Stealth
  2072 | D        | Noticed a mummy priest
  2073 | D        | Noticed an oklob plant
  2236 | D        | Killed the 27-headed Lernaean hydra
  2395 | D        | Noticed a shadow dragon
  2395 | D        | Noticed a golden dragon
  2412 | D        | Killed a shadow dragon
  2412 | D        | Received a gift from Trog
  2421 | D        | Killed from afar by a golden dragon

Vault maps used:
D:        dungeon_sprint_1

Skill      XL: |  1  2  3  4  5  6  7  8  9 10 11 |
---------------+----------------------------------+-----
Fighting       | 2 3 4 5 6 7 8 9 10 11 | 11.9
Short Blades   | 3 4 6 8 9 10 | 10.1
Throwing       | 4 6 8 11 12 14 16 18 | 18.6
Stealth        | 7 8 10 12 13 14 16 18 20 | 20.3
Shields        | 3 5 |  5.8
Dodging        | |  1.5

Action                   |  1- 3 |  4- 6 |  7- 9 | 10-12 || total
-------------------------+-------+-------+-------+-------++-------
Melee: Dagger            |     2 |     2 |     9 |    42 ||    55
       Rapier            |       |       |       |    92 ||    92
 Fire: Blowgun           |    13 |    12 |       |    16 ||    41
Throw: Tomahawk          |       |       |       |    11 ||    11
Invok: Brothers in Arms  |       |       |       |     2 ||     2
       Berserk           |       |       |       |     2 ||     2
  Use: Potion            |       |     1 |     1 |     1 ||     3
       Scroll            |       |       |       |     2 ||     2
 Stab: Sleeping          |       |     2 |     9 |    20 ||    31
       Confused          |       |       |       |     6 ||     6
       Distracted        |       |       |       |     1 ||     1
  Eat: Bread ration      |       |       |       |     1 ||     1
Armor: Robe              |       |       |       |    11 ||    11
Dodge: Dodged            |     8 |     1 |       |    44 ||    53
